 Dungeon Crawl Stone Soup version 0.29.1-1-gd02db6906a (webtiles) character file.

Game seed: 15317582272349950288

9147 Zeld the Geomancer (level 11, -3/54 HPs)
             Began as a Gargoyle Earth Elementalist on Oct 7, 2022.
             Was an Initiate of Gozag.
             Killed by the air
             ... invoked by Gastronok
              (22 damage)
             ... on level 9 of the Dungeon.
             The game lasted 00:26:50 (14091 turns).

Zeld the Geomancer (Gargoyle Earth Elementalist)   Turns: 14091, Time: 00:26:51

Health: -3/54      AC: 14    Str: 12    XL:     11   Next: 42%
Magic:  20/23      EV: 13    Int: 30    God:    Gozag
Gold:   121        SH:  0    Dex: 10    Spells: 5/27 levels left

rFire   . . .      SeeInvis .   a - +7 hammer
rCold   . . .      Faith    .   (no shield)
rNeg    + . .      Spirit   .   C - +1 robe "Fehum" {rPois Will+ Int+7 Slay-4}
rPois   ∞          Reflect  .   r - +1 helmet {Int+3}
rElec   +          Harm     .   (no cloak)
rCorr   .          Rampage  .   (no gloves)
Will    +....                   K - +0 pair of boots
Stlth   +++.......              n - amulet of regeneration
HPRegen 0.98/turn               g - ring of wizardry
MPRegen 0.18/turn               (no ring)

@: no status effects
A: sickness immunity, AC +8, negative energy resistance 1, electricity
resistance, torment resistance 1, petrification resistance
a: Renounce Religion, Potion Petition, Call Merchant, Bribe Branch


You were on level 9 of the Dungeon.
You worshipped Gozag.
Gozag was aware of your devotion.
You visited 2 branches of the dungeon, and saw 10 of its levels.
You also visited: Ossuary and Bailey.

You collected 3016 gold pieces.
You spent 1272 gold pieces at shops.
You paid 1623 gold pieces to Gozag.

Inventory:

Hand Weapons
 a - a +7 hammer (weapon)
Missiles
 t - 34 poisoned darts
 z - 8 atropa-tipped darts
 H - 8 curare-tipped darts
 I - 22 boomerangs
Armour
 r - a +1 helmet of intelligence (worn)
 C - the +1 robe "Fehum" (worn) {rPois Will+ Int+7 Slay-4}
   (You found it on level 6 of the Dungeon)

   Int:       It affects your intelligence (+7).
   Slay:      It affects your accuracy & damage with ranged weapons and melee
   (-4).
   rPois:     It protects you from poison.
   Will:      It increases your willpower.
 K - a +0 pair of boots (worn)
Jewellery
 g - a ring of wizardry (left hand)
 n - an amulet of regeneration (around neck)
Wands
 k - a wand of light (17)
 m - a wand of digging (6)
 u - a wand of flame (40)
 y - a wand of mindburst (13)
 F - a wand of roots (3)
 G - a wand of polymorph (12)
Scrolls
 d - 4 scrolls of poison
 f - 4 scrolls of teleportation
 i - 4 scrolls of amnesia
 j - 2 scrolls of fear
 o - 16 scrolls of identify
 q - 3 scrolls of magic mapping
 B - a scroll of summoning
 L - a scroll of blinking
Potions
 b - 5 potions of ambrosia {unknown}
 c - a potion of invisibility {unknown}
 e - 6 potions of heal wounds {unknown}
 h - 5 potions of mutation {unknown}
 l - a potion of berserk rage {unknown}
 p - 3 potions of lignification {unknown}
 s - 4 potions of curing
 v - a potion of resistance {unknown}
 w - 5 potions of flight
 x - a potion of brilliance {unknown}
 A - 2 potions of might {unknown}
 D - 3 potions of haste {unknown}
 E - 3 potions of degeneration {unknown}
Miscellaneous
 J - a piece from Xom's chessboard (15/15)


   Skills:
 * Level 5.9 Maces & Flails
 + Level 5.6 Dodging
 - Level 8.0 Stealth
 * Level 8.9 Spellcasting
 + Level 1.7 Conjurations
 - Level 1.0 Transmutations
 * Level 11.8 Earth Magic
 + Level 1.8 Evocations


You had 5 spell levels left.
You knew the following spells:

 Your Spells              Type           Power      Damage    Failure   Level
a - Sandblast             Erth           100%       2d20      1%          1
b - Passwall              Tmut/Erth      42%        N/A       1%          2
c - Stone Arrow           Conj/Erth      100%       3d13      1%          3
d - Petrify               Tmut/Erth      51%        N/A       1%          4
e - Animate Armour        Summ/Erth      98%        N/A       1%          4
f - Lehudib's Crystal Sp  Conj/Erth      26%        10d7      99%         8

Your spell library contained the following spells:

 Spells                   Type           Power      Damage    Failure   Level
 Magic Dart               Conj           92%        1d7       1%          1
 Necrotise                Necr           52%        1d6       1%          1
 Call Imp                 Summ           13%        N/A       2%          2
 Ensorcelled Hibernation  Hex/Ice        26%        N/A       2%          2
 Mephitic Cloud           Conj/Pois/Air  16%        N/A       4%          3
 Spider Form              Tmut/Pois      16%        N/A       4%          3
 Vampiric Draining        Necr           13%        2d6       4%          3
 Anguish                  Hex/Necr       6%         N/A       16%         4
 Agony                    Necr           13%        N/A       38%         5
 Summon Forest            Summ/Tloc      6%         N/A       38%         5
 Eringya's Noxious Bog    Tmut/Pois      8%         N/A       86%         6
 Summon Hydra             Summ           6%         N/A       100%        7


Dungeon Overview and Level Annotations

Branches:
Dungeon (9/15)             Temple (1/1) D:7             Orc (0/2) D:9
Ossuary (visited)          Bailey (visited)
   Lair: D:8-11

Altars:
Ashenzari
Cheibriados
Elyvilon
Fedhas
Gozag
Hepliaklqana
Kikubaaqudgha
Nemelex Xobeh
Okawaru
Qazlal
Ru
Sif Muna
Trog
Wu Jian
Xom
Yredelemnul
Zin
The Shining One

Shops:
D:2 [   D:3 ?*   D:4 [[:*:   D:5 :   D:8 [   D:9 ?

Annotations:
D:9 1 runed translucent door, Gastronok


Innate Abilities, Weirdness & Mutations

You are immune to sickness and miasma.
Your stone body is resilient. (AC +8)
You are immune to poison.
You resist negative energy. (rN+)
You are resistant to electric shocks. (rElec)
You are resistant to unholy torment.
You are immune to petrification.


Message History

Items here: ))) [.
You now have 98 gold pieces (gained 9).
Items here: )) [[.
Found a stone staircase leading down.
You now have enough gold to buy a scroll of magic mapping on this level.
You can access your shopping list by pressing '$'.
You now have 106 gold pieces (gained 8).
Things that are here:
a +5 dire flail; a +0 robe
L - a scroll of blinking You now have 113 gold pieces (gained 7).
Things that are here:
a +0 dagger; a +0 robe You now have 121 gold pieces (gained 8).
You see here a +0 flail.
Items here: ))) [.
You see here a +0 flail.
Gastronok the Ponderous comes into view.
Gastronok is nearby!
Gastronok gurgles horribly!
A wraith comes into view.
Gastronok casts a spell.
Gastronok puts on a burst of speed!
Things that are here:
the +10 long sword of Puolastise {venom, Dex+3}; a +0 plate armour Gastronok waves his eye-stalks in wide circles.
The air twists around and strikes you!!!
Ouch! That really hurt!
Casting: Stone Arrow (safe; 1% risk of failure)
Confirm with . or Enter, or press ? or * to list all spells.
Aiming: Stone Arrow (safe; 1% risk of failure)
Press: ? - help, Shift-Dir - straight line, f - Gastronok
Aim: Gastronok, wearing a +2 hat (covering ground quickly, 100% to hit)
The stone arrow hits Gastronok!
Gastronok is lightly wounded.
Unknown command.
Gastronok waves his eye-stalks in wide circles.
The air twists around and strikes you!!
You die...
Your body crumbles into a pile of gold.

..............#
.................#####
........##)...........#
........#.............# #
...........w........##
.##.....##...........# #
............#...........# #
#.. #.....##.........###
####... #.......@.....W...###
......#####....))(..........##
..#.......#..............##..#
#.##...>........#......###..##
#.##...........###...#####..#
#..##..........##.....##.#..##
...#..........###..##....)...#
........#......##.###.#......#
...................####....<.#


You could see Gastronok (swift) and a wraith.

Vanquished Creatures
  A two-headed ogre (D:6)
  Pikel (D:8)
  Maurice (D:8)
  Maggie (D:8)
  A troll (D:9)
  Prince Ribbit (D:9)
  2 hornets (D:9)
  A vampire (D:9)
  Eustachio (D:5)
  2 wyverns (D:8)
  3 yaks
  Grum (D:8)
  A water moccasin (D:7)
  8 orc warriors
  4 ice beasts
  A black bear (D:6)
  4 ogres
  2 wolves (D:8)
  3 centaurs
  4 phantoms
  8 kobold brigands
  3 lemures (D:8)
  A gnoll sergeant (D:8)
  A bullfrog (D:5)
  9 scorpions
  11 wights
  6 electric eels (D:6)
  2 howler monkeys (D:8)
  Crazy Yiuf (D:5)
  2 orc priests
  4 hounds
  A gnoll bouda (D:9)
  6 iguanas
  Natasha (thrice) (D:2)
  8 orc wizards
  A hound zombie (D:3)
  8 mummies (Ossuary)
  9 gnolls
  10 adders
  2 shadow imps
  4 white imps
  An ufetubus (D:5)
  An adder skeleton (D:3)
  An adder zombie (D:3)
  3 worms (D:2)
  A dart slug (D:5)
  24 orcs
  6 endoplasms
  5 giant cockroaches
  A gnoll zombie (Ossuary)
  12 goblins
  9 hobgoblins
  3 jackals (D:4)
  3 quokkas (D:2)
  9 ball pythons
  2 ball python simulacra (D:3)
  A ball python zombie (D:3)
  3 bats (D:1)
  5 frilled lizards
  20 kobolds
  4 kobold zombies (Ossuary)
  3 orc zombies (Ossuary)
  6 rats
266 creatures vanquished.

Vanquished Creatures (others)
  2 fungi (D:2)
  6 plants
  20 withered plants (D:3)
28 creatures vanquished.

Grand Total: 294 creatures vanquished

Notes
Turn   | Place    | Note
-------+----------+-------------------------------------------
     0 | D:1      | Zeld the Gargoyle Earth Elementalist began the quest for
                  | the Orb.
     0 | D:1      | Reached XP level 1. HP: 10/10 MP: 3/3
   512 | D:1      | Reached skill level 1 in Transmutations
   512 | D:1      | Reached XP level 2. HP: 15/15 MP: 1/5
   865 | D:1      | Reached skill level 4 in Earth Magic
  1179 | D:2      | Reached XP level 3. HP: 16/19 MP: 1/6
  1282 | D:2      | Noticed Natasha
  1287 | D:2      | Killed Natasha
  1347 | D:2      | Found Biets's Antique Armour Emporium.
  1357 | D:2      | Learned a level 2 spell: Passwall
  1361 | D:2      | Learned a level 3 spell: Stone Arrow
  1398 | D:2      | Reached XP level 4. HP: 24/24 MP: 5/8
  1415 | D:2      | Found a faded altar of an unknown god.
  1419 | D:2      | Noticed Natasha
  1439 | D:2      | Killed Natasha
  1652 | D:2      | Noticed Natasha
  1659 | D:2      | Killed Natasha
  1660 | D:2      | Reached XP level 5. HP: 24/28 MP: 5/9
  1991 | D:2      | Found a shimmering altar of Xom.
  2179 | D:2      | Reached skill level 5 in Earth Magic
  2684 | D:3      | Noticed a phantom
  2694 | D:3      | Killed a phantom
  2695 | D:3      | Reached XP level 6. HP: 32/32 MP: 6/11
  2988 | D:3      | Found Ryum's General Store.
  2996 | D:3      | Bought a potion of curing for 42 gold pieces
  3013 | D:3      | Identified the +5 war axe "Ezad" {venom, rF+ rN+ Int-4
                  | Stlth+}
  3115 | D:3      | Found Zejeanacs's Magic Scroll Emporium.
  3204 | D:3      | Bought a scroll of identify for 22 gold pieces
  3204 | D:3      | Bought a scroll of identify for 22 gold pieces
  3204 | D:3      | Bought a scroll of identify for 22 gold pieces
  3204 | D:3      | Bought a scroll of identify for 22 gold pieces
  3204 | D:3      | Bought a scroll of identify for 22 gold pieces
  3204 | D:3      | Bought a scroll of identify for 22 gold pieces
  3366 | D:3      | Found the +4 dagger "Morg" {pain, Will+ Int+5}
  3489 | D:4      | Found Iramneclual's Book Shoppe.
  3490 | D:4      | Found Obbegecazy's Book Boutique.
  3549 | D:4      | Found Ytur's Armour Shop.
  3616 | D:4      | Noticed an ice beast
  3623 | D:4      | Killed an ice beast
  3624 | D:4      | Reached skill level 6 in Earth Magic
  3624 | D:4      | Reached XP level 7. HP: 36/36 MP: 10/13
  3815 | D:4      | Found Lielexu's General Store.
  4056 | D:4      | Found Eggoapso's Armour Boutique.
  4423 | D:4      | Bought a scroll of teleportation for 36 gold pieces
  4423 | D:4      | Bought a scroll of identify for 24 gold pieces
  4423 | D:4      | Bought a potion of flight for 36 gold pieces
  4445 | D:5      | Entered Level 5 of the Dungeon
  4451 | D:5      | Learned a level 4 spell: Petrify
  4501 | D:5      | Noticed Eustachio
  4518 | D:5      | Found an opulent altar of Gozag.
  4710 | D:5      | Reached skill level 5 in Stealth
  4710 | D:5      | Reached skill level 5 in Spellcasting
  4710 | D:5      | Reached skill level 7 in Earth Magic
  4710 | D:5      | Reached XP level 8. HP: 41/41 MP: 12/15
  4859 | D:5      | Found a runed translucent door.
  4860 | D:5      | Noticed Crazy Yiuf
  4896 | D:5      | Found a sand-covered staircase.
  4901 | Ossuary  | Entered an ossuary
  5377 | D:5      | Became a worshipper of Gozag Ym Sagoz the Greedy
  5441 | D:5      | Killed Eustachio
  5546 | D:5      | Reached skill level 8 in Earth Magic
  5564 | D:5      | Reached XP level 9. HP: 23/45 MP: 2/18
  5694 | D:5      | Identified 2 scrolls of acquirement
  5708 | D:5      | Acquired 240 gold pieces
  5712 | D:5      | Acquired 876 gold pieces
  6058 | D:5      | Killed Crazy Yiuf
  6171 | D:6      | Identified the +1 robe "Fehum" {rPois Will+ Int+7 Slay-4}
  6567 | D:6      | Reached skill level 9 in Earth Magic
  6797 | D:6      | Found a snail-covered altar of Cheibriados.
  7257 | D:3      | Bought a scroll of magic mapping for 82 gold pieces
  7325 | D:4      | Bought a wand of roots (5) for 144 gold pieces
  7385 | D:4      | Bought a book of Armaments for 432 gold pieces
  7762 | D:6      | Noticed a two-headed ogre
  7770 | D:6      | Learned a level 4 spell: Animate Armour
  7779 | D:6      | Learned a level 8 spell: Lehudib's Crystal Spear
  7794 | D:6      | Killed a two-headed ogre
  8335 | D:6      | Reached skill level 10 in Earth Magic
  8341 | D:6      | Reached XP level 10. HP: 36/50 MP: 21/21
  8697 | D:7      | Found a staircase to the Ecumenical Temple.
  8980 | Temple   | Entered the Ecumenical Temple
  9790 | D:8      | Noticed Maurice
  9791 | D:8      | Found Emi Noic's Antique Armour Shoppe.
  9796 | D:8      | Bought a glowing helmet for 187 gold pieces
  9817 | D:8      | Found a flagged portal.
  9830 | Bailey   | Entered a bailey
 10573 | Bailey   | Reached skill level 5 in Dodging
 10731 | Bailey   | Found an iron altar of Okawaru.
 10859 | D:8      | Killed Maurice
 11290 | D:4      | Bought 4 boomerangs for 24 gold pieces
 11342 | D:4      | Bought a +0 pair of boots for 49 gold pieces
 11475 | D:8      | Noticed Pikel
 11552 | D:8      | Killed Pikel
 11553 | D:8      | Reached skill level 11 in Earth Magic
 12377 | D:8      | Noticed Grum
 12385 | D:8      | Reached skill level 5 in Maces & Flails
 12385 | D:8      | Killed Grum
 12386 | D:8      | Reached XP level 11. HP: 40/54 MP: 5/23
 12509 | D:8      | Noticed Maggie
 12516 | D:8      | Killed Maggie
 12517 | D:8      | Reached skill level 1 in Evocations
 12652 | D:8      | Found a shimmering altar of Xom.
 12886 | D:9      | Noticed a centaur warrior
 12888 | D:9      | Found a runed translucent door.
 13276 | D:9      | Noticed Prince Ribbit
 13285 | D:9      | Killed Prince Ribbit
 13286 | D:9      | Reached skill level 1 in Conjurations
 13643 | D:9      | Found a staircase to the Orcish Mines.
 13726 | D:9      | Identified the +10 long sword of Puolastise {venom, Dex+3}
 13886 | D:9      | Bought a scroll of identify for 28 gold pieces
 13886 | D:9      | Bought a scroll of identify for 28 gold pieces
 13886 | D:9      | Bought a scroll of identify for 28 gold pieces
 14067 | D:9      | Noticed Gastronok
 14091 | D:9      | Killed from afar by Gastronok

Illustrated notes

Levels and vault maps discovered:
D:1:      minmay_arrival_hallway, layout_loops_cross, serial_glass,
          glass_columns_c, glass_columns_c, glass_columns_a, glass_columns_b,
          glass_columns_a, glass_columns_a, glass_columns_a, glass_columns_a,
          glass_columns_a, glass_columns_a
D:2:      minmay_wonky_spiral, layout_loops_ring, serial_shops, shop,
          dreamdust_ecumenical_altar_grove, basic_altar, uniq_natasha
D:3:      layout_loops_ring, serial_shops, nicolae_shop_stone, shop,
          dilly_guarded_unrand_morg
D:4:      layout_loops_ring, serial_shops, shop, shop_fountains, shop,
          nicolae_shop_window_shopping, nicolae_inconvenience_store
D:5:      layout_loops_ring, lemuel_crystal_altar, enter_ossuary_2, st_stairs_3,
          minmay_pentangle, uniq_eustachio, uniq_crazy_yiuf_cottage
D:6:      cheibrodos_two_vegetables, layout_loops_ring, kennysheep_mini_moat
D:7:      layout_cave_pools, minmay_temple_entry_wispy
D:8:      layout_basic, lemuel_round_altar, serial_shops, shop_statue,
          enter_bailey_3, uniq_grum, uniq_pikel, uniq_maurice, uniq_maggie
D:9:      layout_cave_pools, lair_entry_dummy, david_orc_2, minmay_st_funbox,
          uniq_prince_ribbit1, uniq_gastronok, uniq_erica
Temple:   hellmonk_temple_two_chambers

Skill      XL: |  1  2  3  4  5  6  7  8  9 10 11 |
---------------+----------------------------------+-----
Transmutations | 1 |  1.0
Earth Magic    | 4 5 6 7 8 10 11 | 11.8
Dodging        | 2 3 4 5 |  5.6
Stealth        | 3 4 5 6 7 8 |  8.0
Spellcasting   | 3 4 5 6 7 8 |  8.9
Maces & Flails | 2 5 |  5.9
Evocations     | 1 |  1.8
Conjurations   | 1 |  1.7

Action                   |  1- 3 |  4- 6 |  7- 9 | 10-12 || total
-------------------------+-------+-------+-------+-------++-------
Melee: Unarmed           |    13 |    44 |       |       ||    57
       Dagger            |       |     9 |    73 |    11 ||    93
       Punch             |       |       |     1 |       ||     1
       Mace              |       |       |       |    72 ||    72
 Cast: Sandblast         |    37 |    89 |    94 |    27 ||   247
       Stone Arrow       |       |       |    50 |   184 ||   234
       Petrify           |       |       |     1 |       ||     1
Invok: Call Merchant     |       |       |     1 |     1 ||     2
Evoke: Wand              |       |       |     7 |    10 ||    17
  Use: Potion            |       |       |     1 |     1 ||     2
       Scroll            |       |       |    13 |    10 ||    23
 Stab: Sleeping          |       |       |     1 |       ||     1
       Distracted        |       |       |       |     1 ||     1
Armor: Robe              |     6 |    47 |    79 |    90 ||   222
Dodge: Dodged            |    10 |    76 |   140 |   174 ||   400
